 Dungeon Crawl Stone Soup version 0.29-a0-1027-gcd8c55af63 (webtiles) character file.

Game seed: 3711193964020271171

6727 GreenGift the Cruncher (level 11, -4/68 HPs)
             Began as a Gargoyle Gladiator on Aug 12, 2022.
             Was a Priest of Ru.
             Slain by a death yak (9 damage)
             ... on level 9 of the Dungeon.
             The game lasted 02:03:05 (9986 turns).

GreenGift the Cruncher (Gargoyle Gladiator)         Turns: 9986, Time: 02:03:05

Health: -4/68      AC: 22    Str: 41    XL:     11   Next: 4%
Magic:  29/29      EV: 12    Int: 15    God:    Ru [***...]
Gold:   1475       SH:  0    Dex: 11    Spells: 19/22 levels left

rFire   x . .      SeeInvis +   r - +4 lajatang of Distant Shores {flame, Str+3 SInv}
rCold   . . .      Faith    .   (shield currently unavailable)
rNeg    + . .      Spirit   .   d - +0 ring mail
rPois   ∞          Reflect  .   c - +0 helmet
rElec   +          Harm     .   D - +0 cloak
rCorr   .          Rampage  .   t - +0 pair of gloves
Will    .....                   j - +2 pair of boots
Stlth   +.........              o - amulet of the acrobat
HPRegen 0.21/turn               n - ring of Elatz {rElec rF- MP+9 Str+10 Int+6}
MPRegen 0.21/turn               F - +6 ring of strength

@: no status effects
A: sickness immunity, AC +8, negative energy resistance 1, electricity
resistance, torment resistance 1, petrification resistance, hated by all, no
hexes magic, no ice magic, no necromancy magic
a: Renounce Religion, Draw Out Power


You were on level 9 of the Dungeon.
You worshipped Ru.
Ru was most pleased with you.
You visited 2 branches of the dungeon, and saw 10 of its levels.

You collected 1475 gold pieces.

Inventory:

Hand Weapons
 b - a +2 whip of distortion
 r - the +4 lajatang of Distant Shores (weapon) {flame, Str+3 SInv}
   (You acquired it on level 3 of the Dungeon)

   It burns those it strikes, dealing additional fire damage.
   Big, fiery blades are also staple armaments of hydra-hunters.
   Str:       It affects your strength (+3).
   SInv:      It lets you see invisible.
 A - a +2 flail of venom
 G - a +4 flail
Missiles
 H - 2 throwing nets (quivered)
Armour
 c - a +0 helmet (worn)
 d - a +0 ring mail (worn)
 j - a +2 pair of boots (worn)
 t - a +0 pair of gloves (worn)
 D - a +0 cloak (worn)
Jewellery
 l - a ring of positive energy
 n - the ring of Elatz (left hand) {rElec rF- MP+9 Str+10 Int+6}
   (You acquired it on level 1 of the Dungeon)

   [ring of intelligence]

   Str:       It affects your strength (+10).
   Int:       It affects your intelligence (+6).
   rF:        It makes you vulnerable to fire.
   rElec:     It insulates you from electricity.
   MP:        It affects your magic capacity (+9).
 o - an amulet of the acrobat (around neck)
 v - a ring of protection from cold
 F - a +6 ring of strength (right hand)
Wands
 x - a wand of flame (35)
 y - a wand of polymorph (8)
Scrolls
 h - 4 scrolls of teleportation
 u - a scroll of identify
 w - 4 scrolls of amnesia
 z - 2 scrolls of enchant weapon
 C - a scroll of magic mapping
Potions
 a - a potion of heal wounds {unknown}
 f - a potion of attraction {unknown}
 g - a potion of magic {unknown}
 i - 2 potions of might {unknown}
 k - 3 potions of curing
 m - 3 potions of resistance
 p - 2 potions of mutation {unknown}
 q - a potion of invisibility {unknown}
 s - 2 potions of lignification {unknown}
 B - a potion of brilliance {unknown}
 E - 2 potions of flight {unknown}


   Skills:
 + Level 8.1 Fighting
 - Level 0.8 Short Blades
 * Level 10.7 Staves
 - Level 1.9 Throwing
 + Level 7.6 Armour
 - Level 2.7 Dodging
 + Level 6.2 Spellcasting
 + Level 2.8 Transmutations


You had 19 spell levels left.
You knew the following spells:

 Your Spells              Type           Power      Damage    Failure   Level
a - Blink                 Tloc           8%         N/A       28%         2
b - Beastly Appendage     Tmut           26%        N/A       5%          1

Your spell library contained the following spells:

 Spells                   Type           Power      Damage    Failure   Level
 Wereblood                Tmut           13%        N/A       9%          2
 Apportation              Tloc           8%         N/A       19%         1
 Spider Form              Tmut/Pois      9%         N/A       30%         3
 Gell's Gravitas          Tloc           4%         N/A       50%         3
 Lesser Beckoning         Tloc           4%         N/A       50%         3
 Teleport Other           Tloc           4%         N/A       50%         3
 Manifold Assault         Tloc           4%         N/A       99%         5
 Necrotise                Necr           Unusable   1d4       N/A         1
 Summon Small Mammal      Summ           Unusable   N/A       N/A         1
 Corpse Rot               Necr/Pois/Air  Unusable   N/A       N/A         4
 Dispel Undead            Necr           Unusable   3d7       N/A         4
 Death Channel            Necr           Unusable   N/A       N/A         6

Dungeon Overview and Level Annotations

Branches:
Dungeon (9/15)             Temple (1/1) D:5
   Lair: D:8-11         Orc: D:9-12

Altars:
Ashenzari
Cheibriados
Dithmenos
Elyvilon
Gozag
Kikubaaqudgha
Makhleb
Nemelex Xobeh
Okawaru
Qazlal
Ru
Sif Muna
Trog
Uskayaw
Vehumet
Wu Jian
Xom
Zin
The Shining One


Innate Abilities, Weirdness & Mutations

You are immune to sickness and miasma.
Your stone body is resilient. (AC +8)
You are immune to poison.
You resist negative energy. (rN+)
You are resistant to electric shocks. (rElec)
You are resistant to unholy torment.
You are immune to petrification.
You are hated by all.
You cannot study or cast Hexes magic.
You cannot study or cast Ice magic.
You cannot study or cast Necromancy magic.


Message History

The death yak gores you but does no damage.
You slice the death yak!! You burn the death yak.
The death yak is severely wounded.
The death yak gores you. The death yak barely misses you.
You slash the death yak! You burn the death yak.
The death yak is almost dead.
The death yak completely misses you. The death yak barely misses you.
You slice the death yak!! You burn the death yak.
You kill the death yak!
The death yak gores you but does no damage. x2
The death yak misses you.
Your Fighting skill increases to level 8!
You have reached level 11!
You barely miss the death yak. The death yak gores you.
The death yak closely misses you.
The death yak gores you but does no damage.
You hit the death yak but do no damage. You barely miss the death yak.
The death yak gores you! The death yak gores you.
The death yak gores you but does no damage.
You hit the death yak. You burn the death yak.
The death yak is lightly wounded.
The death yak gores you.
The death yak gores you but does no damage.
You redirect the death yak's attack!
The death yak barely misses the death yak.
You barely miss the death yak.
The death yak is lightly wounded.
The death yak gores you! The death yak gores you. The death yak gores you!!
* * * LOW HITPOINT WARNING * * *
As you read the scroll of teleportation, it crumbles to dust.
You feel strangely unstable.
The death yak gores you but does no damage.
The death yak barely misses you.
The death yak gores you but does no damage.
As you read the scroll of teleportation, it crumbles to dust.
You feel strangely stable.
The death yak gores you but does no damage.
The death yak gores you!
You die...

.......................
.......................
.......................
....)........#.........
............###.....#
.............#.....## ..
.....#..............#...
....###........Y........
.....#.........Y@.......
...............?Y.......
..............†.......#..(
................##........
.)........#......#........
)........###....##..#....(
..).......#......#........
................#......#
....).....((.....Y....#


You could see 3 death yaks.

Vanquished Creatures
  2 two-headed ogres
  3 death yaks (D:9)
  Pikel (D:7)
  2 steam dragons
  Menkaure (D:7)
  Duvessa (D:7)
  2 black bears
  An orc warrior (D:9)
  A sky beast (D:7)
  2 ice beasts
  An ogre (D:6)
  6 centaurs
  3 lemures (D:7)
  3 kobold brigands
  2 bullfrogs
  2 necrophages (D:6)
  2 scorpions
  5 wights (D:6)
  Dowan (D:7)
  2 orc priests (D:8)
  2 jellies
  3 gnoll boudas
  2 hounds (D:5)
  3 iguanas
  6 orc wizards
  Robin (D:3)
  15 gnolls
  14 adders
  2 shadow imps (D:7)
  3 white imps
  An ufetubus (D:4)
  2 worms
  3 dart slugs
  32 orcs
  6 ball pythons
  5 bats
  6 endoplasms
  A giant cockroach (D:3)
  19 goblins
  9 hobgoblins
  8 jackals (D:1)
  19 kobolds
  4 quokkas
  4 frilled lizards
  4 rats
217 creatures vanquished.

Vanquished Creatures (others)
  An ufetubus (D:6)
1 creature vanquished.

Grand Total: 218 creatures vanquished

Notes
Turn   | Place    | Note
-------+----------+-------------------------------------------
     0 | D:1      | GreenGift the Gargoyle Gladiator began the quest for the
                  | Orb.
     0 | D:1      | Reached XP level 1. HP: 12/12 MP: 1/1
    70 | D:1      | Reached XP level 2. HP: 15/17 MP: 2/2
   937 | D:1      | Identified a scroll of acquirement
   937 | D:1      | Acquired the ring of Elatz {rElec rF- MP+9 Str+10 Int+6}
  1212 | D:2      | Reached XP level 3. HP: 22/22 MP: 3/3
  1420 | D:2      | Reached skill level 1 in Armour
  1702 | D:2      | Reached XP level 4. HP: 26/27 MP: 4/4
  1709 | D:2      | Reached skill level 4 in Staves
  1821 | D:2      | Learned a level 2 spell: Blink
  1900 | D:2      | Found a faded altar of an unknown god.
  2176 | D:3      | Learned a level 1 spell: Beastly Appendage
  2438 | D:3      | Acquired the +4 lajatang of Distant Shores {flame, Str+3
                  | SInv}
  2549 | D:3      | You fall into a shaft and drop 2 floors!
  2549 | D:5      | Entered Level 5 of the Dungeon
  2559 | D:5      | Found a staircase to the Ecumenical Temple.
  2564 | D:5      | Noticed a scorpion
  2569 | D:5      | Reached XP level 5. HP: 32/32 MP: 5/5
  2594 | D:5      | Reached skill level 1 in Spellcasting
  2595 | D:5      | Reached XP level 6. HP: 29/37 MP: 7/7
  2599 | D:5      | Reached skill level 5 in Staves
  2759 | D:5      | Noticed an ice beast
  2763 | Temple   | Entered the Ecumenical Temple
  2923 | Temple   | Became a worshipper of Ru the Awakened
  2947 | D:5      | Killed an ice beast
  2953 | D:5      | Reached XP level 7. HP: 30/42 MP: 10/10
  4021 | D:3      | Gained mutation: You are hated by all. [Ru sacrifice]
  4021 | D:3      | Reached * piety under Ru
  4021 | D:3      | Reached ** piety under Ru
  4046 | D:3      | Noticed Robin
  4068 | D:3      | Killed Robin
  4454 | D:5      | Reached skill level 6 in Staves
  4583 | D:5      | Acquired 873 gold pieces
  4796 | D:5      | Found a burning altar of Makhleb.
  4796 | D:5      | Noticed a green death
  4800 | D:5      | Noticed a ynoxinul
  4800 | D:5      | Noticed a ynoxinul
  4926 | D:6      | Reached XP level 8. HP: 37/48 MP: 12/12
  5334 | D:6      | Reached skill level 5 in Fighting
  5334 | D:6      | Reached skill level 7 in Staves
  6476 | D:7      | Reached skill level 5 in Armour
  6525 | D:7      | Noticed Pikel
  6535 | D:7      | Killed Pikel
  6536 | D:7      | Reached skill level 8 in Staves
  6536 | D:7      | Reached XP level 9. HP: 46/55 MP: 13/15
  6565 | D:7      | Noticed a two-headed ogre
  6578 | D:7      | HP: 1/55 [two-headed ogre/+0 giant spiked club (28)]
  7005 | D:7      | Killed a two-headed ogre
  7083 | D:7      | Noticed Menkaure
  7096 | D:7      | Killed Menkaure
  7097 | D:7      | Reached skill level 9 in Staves
  7453 | D:7      | Found an ancient bone altar of Kikubaaqudgha.
  7459 | D:7      | Noticed Duvessa
  7461 | D:7      | Noticed Dowan
  7465 | D:7      | Killed Duvessa
  7466 | D:7      | Reached skill level 5 in Spellcasting
  7467 | D:7      | Killed Dowan
  7769 | D:7      | Reached XP level 10. HP: 61/61 MP: 17/17
  8072 | D:8      | Reached skill level 1 in Transmutations
  8259 | D:8      | Gained mutation: You cannot study or cast Ice magic. [Ru
                  | sacrifice]
  8259 | D:8      | Gained mutation: You cannot study or cast Hexes magic. [Ru
                  | sacrifice]
  8259 | D:8      | Gained mutation: You cannot study or cast Necromancy magic.
                  | [Ru sacrifice]
  8259 | D:8      | Reached *** piety under Ru
  9379 | D:9      | Noticed a two-headed ogre
  9385 | D:9      | Killed a two-headed ogre
  9386 | D:9      | Reached skill level 10 in Staves
  9392 | D:9      | Found a broken altar of Ashenzari.
  9611 | D:9      | Noticed a death yak
  9612 | D:9      | Noticed a death yak
  9613 | D:9      | Noticed a death yak
  9613 | D:9      | Noticed a death yak
  9614 | D:9      | Noticed a death yak
  9614 | D:9      | Noticed a death yak
  9616 | D:9      | Killed a death yak
  9974 | D:9      | Killed a death yak
  9978 | D:9      | Killed a death yak
  9979 | D:9      | Reached XP level 11. HP: 58/68 MP: 20/20
  9986 | D:9      | Slain by a death yak

Illustrated notes

Levels and vault maps discovered:
D:1:      dpeg_arrival_fog, layout_loops_ring, chequers_garden,
          nrook_mini_backslash, wander_ebering_terrifying_dragon_lair
D:2:      kennysheep_big_flooded_room, layout_rooms,
          hellmonk_ecumenical_altar_leap_of_faith
D:3:      layout_loops_corners, dk_noncrumbling_4, uniq_robin
D:4:      layout_rooms, minmay_misc_feat_tiny
D:5:      layout_basic, makhleb_altar_promises_db, minmay_temple_entry_slanted
D:6:      layout_basic
D:7:      layout_basic, nicolae_overflow_crystal_walls, uniq_menkaure,
          uniq_duvessa, uniq_pikel
D:8:      layout_loops_ring
D:9:      layout_big_octagon, overflow_temple_1_default, dpeg_lair_monsters,
          hangedman_abyss_or_decor_slice
Temple:   nicolae_temple_bog_church

Skill      XL: |  1  2  3  4  5  6  7  8  9 10 |
---------------+-------------------------------+-----
Armour         | 1 2 3 5 6 7 |  7.6
Staves         | 4 5 6 8 9 10 | 10.7
Fighting       | 3 4 6 8 |  8.1
Spellcasting   | 1 2 4 5 6 |  6.2
Transmutations | 2 |  2.8
Short Blades   | |  0.8
Throwing       | |  1.9
Dodging        | |  2.7

Action                   |  1- 3 |  4- 6 |  7- 9 | 10-12 || total
-------------------------+-------+-------+-------+-------++-------
Melee: Quarterstaff      |    85 |    28 |       |       ||   113
       Lajatang          |       |    47 |   227 |   118 ||   392
Throw: Throwing net      |     6 |       |       |       ||     6
       Javelin           |     3 |    11 |    46 |    34 ||    94
 Cast: Blink             |       |     1 |       |       ||     1
       Beastly Appendage |       |     1 |       |       ||     1
Invok: Sacrifice Love    |       |       |     1 |       ||     1
       Draw Out Power    |       |       |       |     1 ||     1
       Sacrifice Arcana  |       |       |       |     1 ||     1
  Use: Scroll            |     6 |     6 |     6 |     5 ||    23
       Potion            |       |     1 |     1 |       ||     2
 Stab: Distracted        |       |       |     2 |       ||     2
Armor: Leather armour    |    39 |     7 |       |       ||    46
       Ring mail         |       |    26 |   123 |    59 ||   208
Dodge: Dodged            |    58 |    56 |   168 |    83 ||   365

Table legend: (Time is in decaauts)
 A = Elapsed time spent in this place.
 B = Non-inter-level travel time spent in this place.
 C = Inter-level travel time spent in this place.
 D = Time resting spent in this place.
 E = Time spent auto-exploring this place.
 F = Levels seen in this place.
 G = Mean time per level.
                   A        B        C        D        E       F      G
               +--------+--------+--------+--------+--------+-----+--------+
         Total |  10072 |  10026 |     46 |   3170 |   1631 |  10 | 1007.2 |
       Dungeon |   9804 |   9758 |     46 |   3100 |   1631 |   9 | 1089.3 |
        Temple |    267 |    267 |      0 |     70 |      0 |   1 |  267.0 |
               +--------+--------+--------+--------+--------+-----+--------+

Top non-repeatable levels by time:
     D:6: 1942 daAuts
     D:8: 1338 daAuts
     D:1: 1213 daAuts
     D:3: 1154 daAuts
     D:7: 1063 daAuts
     D:5: 866 daAuts
     D:2: 832 daAuts
     D:9: 751 daAuts
     D:4: 642 daAuts
  Temple: 267 daAuts
